 Dungeon Crawl Stone Soup version 0.22-a0-109-gbeb7240 (webtiles) character file.

4637 Gorice the Cleaver (level 10, -5/74 HPs)
             Began as a Hill Orc Gladiator on Jan 26, 2018.
             Was a Believer of Beogh.
             Slain by a yak (8 damage)
             ... on level 9 of the Dungeon.
             The game lasted 00:32:51 (9729 turns).

Gorice the Cleaver (Hill Orc Gladiator)             Turns: 9729, Time: 00:32:51

Health: -5/74      AC: 18    Str: 16    XL:     10   Next: 43%
Magic:  13/13      EV:  8    Int:  8    God:    Beogh [**....]
Gold:   237        SH:  0    Dex: 13    Spells: 9/9 levels left

rFire    . . .     SeeInvis .   a - +0 war axe
rCold    . . .     Gourm    .   (no shield)
rNeg     . . .     Faith    .   B - +1 chain mail "Itryu" {+Fly rElec rPois Str-4}
rPois    +         Spirit   .   c - +1 helmet
rElec    +         Reflect  .   x - +0 cloak
rCorr    .         Harm     .   I - +0 pair of gloves
MR       .....                  n - +0 pair of boots
Stlth    ..........             y - amulet of rage
HPRegen  0.22/turn              (no ring)
MPRegen  0.13/turn              (no ring)

@: drained
A: no striking features
a: Smiting, Renounce Religion, Evoke Berserk Rage, Evoke Flight


You were on level 9 of the Dungeon.
You worshipped Beogh.
Beogh was pleased with you.
You were not hungry.

You visited 3 branches of the dungeon, and saw 11 of its levels.

You collected 517 gold pieces.
You spent 280 gold pieces at shops.

Inventory:

Hand Weapons
 a - a +0 war axe (weapon)
 i - a +2 morningstar of venom
   (You found it on level 8 of the Dungeon)
 E - a +0 battleaxe
 H - a +0 blowgun
 O - a +0 whip of flaming
   (You took it off Pikel on level 9 of the Dungeon)
Missiles
 l - 102 sling bullets
 r - 2 tomahawks (quivered)
 t - 2 javelins
 Y - 237 stones
 Z - 3 throwing nets
Armour
 c - a +1 helmet (worn)
 e - +0 ice dragon scales
 n - a +0 pair of boots (worn)
 x - a +0 cloak (worn)
 B - the +1 chain mail "Itryu" (worn) {+Fly rElec rPois Str-4}
   (You found it on level 6 of the Dungeon)

   It affects your strength (-4).
   It insulates you from electricity.
   It protects you from poison.
   It lets you fly.
 F - a +2 hat
 I - a +0 pair of gloves (worn)
Jewellery
 k - an uncursed ring of wizardry
 y - an amulet of rage (around neck)
Wands
 p - a wand of acid (12)
 q - a wand of iceblast (19)
 z - a wand of enslavement (13)
 C - a wand of polymorph (37)
 G - a wand of digging (14)
 K - a wand of paralysis (14)
 L - a wand of clouds (5)
Scrolls
 d - 8 scrolls of remove curse
 g - 2 scrolls of enchant armour
 h - 4 scrolls of teleportation {!r}
 m - 4 scrolls of amnesia
 A - 2 scrolls of magic mapping {!r}
 N - 2 scrolls of brand weapon {unknown}
Potions
 b - 2 potions of curing
 j - 3 potions of mutation {!q}
 o - a potion of invisibility {!q}
 s - a potion of haste {!q}
 u - 2 potions of ambrosia
 v - 2 potions of magic {unknown}
 w - a potion of flight
 D - a potion of resistance {!q}
 J - a potion of lignification {unknown}
Books
 M - a book of Callings
Comestibles
 f - 6 rations
 P - 6 chunks of flesh


   Skills:
 - Level 2.4(2.3) Fighting
 * Level 14.3(14.1) Axes
 - Level 1.7(1.6) Throwing
 + Level 8.5(8.3) Armour
 - Level 2.4(2.3) Dodging
 - Level 5.2(5.1) Invocations
 + Level 4.4(4.3) Evocations


You had 9 spell levels left.
You didn't know any spells.

Dungeon Overview and Level Annotations

Branches:
Dungeon (9/15)             Temple (1/1) D:5            Lair (1/6) D:8
    Orc: D:9-12

Altars:
Ashenzari
Cheibriados
Dithmenos
Elyvilon
Fedhas
Gozag
Hepliaklqana
Kikubaaqudgha
Makhleb
Nemelex Xobeh
Okawaru
Qazlal
Ru
Sif Muna
Trog
Uskayaw
Vehumet
Wu Jian
Xom
Yredelemnul
Zin
The Shining One

Shops:
D:4 !   D:7 %   D:9 **:}=

Annotations:
D:6 vpUX: vault accessed frm below?
Lair:1 hydra wt!


Message History

The yak is severely wounded.
The yak gores you.
* * * LOW HITPOINT WARNING * * *
Damage: 1 (max 12)
You barely miss the yak.
The yak is severely wounded.
The yak gores you but does no damage.
You slash the yak!
The yak is almost dead.
The yak closely misses you.
You completely miss the yak.
The yak is almost dead.
The yak gores you but does no damage.
You slash the yak!
You kill the yak!
Beogh accepts your kill.
You butcher the yak corpse.
The yak gores you!
* * * LOW HITPOINT WARNING * * *
You see here 6 chunks of flesh.
Damage: 7 (max 12)
P - 6 chunks of flesh The yak closely misses you.
You fail to use your ability.
The yak gores you but does no damage.
You fail to use your ability.
The yak gores you.
* * * LOW HITPOINT WARNING * * *
Damage: 4 (max 12)
You slash the yak!
The yak is lightly wounded.
You hit the yak.
The yak is moderately wounded.
The yak gores you but does no damage.
You hit the yak.
The yak is moderately wounded.
The yak gores you!
* * * LOW HITPOINT WARNING * * *
Damage: 7 (max 12)
You slash the yak!
The yak is severely wounded.
The yak gores you!
* * * LOW HITPOINT WARNING * * *
Damage: 11 (max 12)
You hit the yak but do no damage.
The yak is severely wounded.
The yak gores you but does no damage.
You hit the yak but do no damage.
The yak is severely wounded.
You barely miss the yak.
The yak is severely wounded.
The yak gores you!
You die...

####### ..=....
####################.......
................@YYYY>.....
.........#.#########.......
.........#.# #######
.........#.# .....)...#.#
.#####...#.# .# #..p#.# .#
#...#'####### .#
#............


You could see 4 yaks.

Vanquished Creatures
  A two-headed ogre (D:8)
  Pikel (D:9)
  A rust devil (D:7)
  A spiny frog (D:8)
  A troll (D:9)
  2 yaks (D:9)
  A steam dragon (D:9)
  Menkaure (D:6)
  2 water moccasins
  Duvessa (D:6)
  An ice beast (D:9)
  A phantom (D:7)
  A sky beast (D:2)
  An ogre (D:7)
  2 centaurs
  A big kobold (D:9)
  A bullfrog (D:7)
  4 scorpions
  Dowan (D:6)
  3 wights (D:9)
  A howler monkey (D:7)
  A crimson imp (D:5)
  7 orc priests
  3 hounds
  A gnoll shaman (D:5)
  3 orc wizards
  Ijyb (D:5)
  Crazy Yiuf (D:6)
  An iguana (D:6)
  A worker ant (D:4)
  A worker ant zombie (D:9)
  5 adders
  5 gnolls (D:5)
  A shadow imp (D:8)
  2 oozes
  4 adder skeletons
  4 worms
  4 leopard geckos
  18 orcs
  7 bats
  6 giant cockroaches
  9 goblins
  8 hobgoblins
  15 jackals
  3 quokkas
  4 ball pythons
  7 frilled lizards
  13 kobolds
  A leopard gecko skeleton (D:6)
  5 rats
170 creatures vanquished.

Vanquished Creatures (others)
  An orc priest (D:4)
  3 adders
  An ooze (D:3)
  A dart slug (D:3)
  4 orcs
10 creatures vanquished.

Grand Total: 180 creatures vanquished

Notes
Turn   | Place    | Note
-------+----------+-------------------------------------------
     0 | D:1      | Gorice the Hill Orc Gladiator began the quest for the Orb.
     0 | D:1      | Reached XP level 1. HP: 18/18 MP: 1/1
   214 | D:1      | Reached XP level 2. HP: 19/25 MP: 2/2
   369 | D:1      | Reached skill level 1 in Armour
   566 | D:1      | Reached skill level 5 in Axes
   627 | D:1      | Reached XP level 3. HP: 25/30 MP: 3/3
  1021 | D:2      | Noticed a sky beast
  1045 | D:2      | Killed a sky beast
  1045 | D:2      | Reached skill level 6 in Axes
  1045 | D:2      | Reached skill level 2 in Armour
  1045 | D:2      | Reached XP level 4. HP: 15/37 MP: 4/4
  1290 | D:2      | Reached XP level 5. HP: 42/42 MP: 5/5
  2070 | D:3      | Became a worshipper of Beogh the Brigand
  2086 | D:3      | Reached skill level 7 in Axes
  2092 | D:3      | Reached skill level 3 in Armour
  2228 | D:3      | Reached XP level 6. HP: 41/50 MP: 6/6
  2338 | D:3      | Found a shadowy altar of Dithmenos.
  2352 | D:3      | Found a hide-covered altar of Uskayaw.
  2594 | D:3      | HP: 10/50 [orc priest/nerve-wracking pain (11)]
  2595 | D:3      | HP: 3/50 [orc priest/divine providence (8)]
  3363 | D:4      | Found a shadowy altar of Dithmenos.
  3387 | D:4      | Reached skill level 8 in Axes
  3520 | D:4      | Reached * piety under Beogh
  3614 | D:4      | Reached skill level 4 in Armour
  3687 | D:4      | Found an iron altar of Okawaru.
  3687 | D:4      | Found a shimmering altar of Xom.
  3739 | D:4      | Found Gisez's Distillery.
  3747 | D:4      | Bought a potion of haste for 100 gold pieces
  3747 | D:4      | Bought a potion of heal wounds for 50 gold pieces
  3863 | D:5      | Entered Level 5 of the Dungeon
  3942 | D:5      | Reached XP level 7. HP: 56/56 MP: 7/7
  4085 | D:5      | Reached skill level 9 in Axes
  4423 | D:5      | Reached ** piety under Beogh
  4524 | D:5      | Found a staircase to the Ecumenical Temple.
  4530 | Temple   | Entered the Ecumenical Temple
  4685 | D:5      | Found a white marble altar of Elyvilon.
  4688 | D:5      | Noticed Ijyb
  4716 | D:5      | Killed Ijyb
  5100 | D:6      | Found a runed door.
  5104 | D:6      | Noticed Crazy Yiuf
  5108 | D:6      | Killed Crazy Yiuf
  5167 | D:6      | Noticed Duvessa
  5167 | D:6      | Noticed Dowan
  5224 | D:6      | Reached skill level 5 in Armour
  5233 | D:6      | Found a radiant altar of Vehumet.
  5331 | D:6      | Got a crude chain mail
  5354 | D:5      | Identified the cursed +1 chain mail "Itryu" {+Fly rElec rPois Str-4} (You found it on level 6 of the Dungeon)
  5428 | D:6      | HP: 16/56 [poisoned by a water moccasin]
  5433 | D:6      | Reached skill level 10 in Axes
  5433 | D:6      | Reached skill level 1 in Invocations
  5433 | D:6      | Reached XP level 8. HP: 62/62 MP: 7/9
  5626 | D:6      | Reached skill level 2 in Invocations
  5637 | D:6      | Noticed Menkaure
  5844 | D:6      | Killed Menkaure
  5934 | D:6      | Reached skill level 3 in Invocations
  6278 | D:6      | Killed Dowan
  6285 | D:6      | Killed Duvessa
  6285 | D:6      | Reached skill level 11 in Axes
  6537 | D:7      | Reached skill level 6 in Armour
  6568 | D:7      | Found Weplienn's Food Emporium.
  6666 | D:7      | Found a basalt altar of Yredelemnul.
  6669 | D:7      | Found a deep blue altar of Sif Muna.
  6672 | D:7      | Found a shattered altar of Ashenzari.
  6689 | D:7      | Found a sparkling altar of Nemelex Xobeh.
  6727 | D:7      | Reached skill level 4 in Invocations
  7117 | D:6      | Noticed a rust devil
  7118 | D:6      | Noticed a rust devil
  7394 | D:4      | Bought a potion of resistance for 100 gold pieces
  7570 | D:7      | Killed a rust devil
  7570 | D:7      | Reached skill level 12 in Axes
  7570 | D:7      | Reached skill level 5 in Invocations
  7570 | D:7      | Reached XP level 9. HP: 68/68 MP: 5/12
  7771 | D:8      | Noticed a two-headed ogre
  7780 | D:8      | HP: 19/68 [two-headed ogre/giant spiked club (13)]
  7782 | D:8      | Killed a two-headed ogre
  7782 | D:8      | Reached skill level 7 in Armour
  7782 | D:8      | Reached skill level 2 in Evocations
  8064 | D:8      | Found a staircase to the Lair.
  8193 | D:8      | Reached skill level 13 in Axes
  8522 | Lair:1   | Entered Level 1 of the Lair of Beasts
  8523 | Lair:1   | Noticed a spiny frog
  8530 | Lair:1   | Noticed a five-headed hydra
  8546 | D:8      | Killed a spiny frog
  8546 | D:8      | Reached skill level 3 in Evocations
  8700 | D:9      | Found Ovigonill's Book Shoppe.
  8703 | D:9      | Noticed a troll
  8723 | D:9      | HP: 18/68 [centaur/arrow (10)]
  8727 | D:9      | Killed a troll
  8727 | D:9      | Reached XP level 10. HP: 15/74 MP: 13/13
  8731 | D:9      | HP: 13/74 [centaur (3)]
  8732 | D:9      | Reached skill level 8 in Armour
  9020 | D:9      | Found Yplazxyich's Assorted Antiques.
  9146 | D:9      | Found Mestoipsi's Gadget Boutique.
  9196 | D:9      | Found Tesunylo's Jewellery Boutique.
  9271 | D:9      | Noticed Pikel
  9285 | D:9      | Killed Pikel
  9285 | D:9      | Reached skill level 14 in Axes
  9285 | D:9      | Reached skill level 4 in Evocations
  9378 | D:9      | Found Wyarih's General Store.
  9629 | D:9      | Bought a scroll of identify for 30 gold pieces
  9722 | D:9      | HP: 21/74 [yak (4)]
  9726 | D:9      | HP: 3/74 [yak (11)]
  9729 | D:9      | Slain by a yak

Vault maps used:
D:1:      elethiomel_arrival_maze
D:2:      minmay_misc_feat_four_crosses, grunt_ministairs_8
D:3:      minitemple, serial_corexii_hall, corexii_hall_statues_x,
          corexii_hall_statues_i, first_ration, grunt_ministairs_8,
          minivault_19, serial_park_tiny_2
D:4:      amethyst_overflow_temple_binary, serial_shops, shop,
          grunt_dithmenos_smoke
D:5:      minmay_temple_entry_statues_pillars, elyvilon_altar_3, uniq_ijyb
D:6:      cheibrodos_iron_armory, fiery_altar_vehumet, uniq_menkaure,
          uniq_duvessa, uniq_crazy_yiuf_cottage
D:7:      grunt_temple_overflow_cloverleaf, serial_shops, shop
D:8:      lair_entry_dummy
D:9:      serial_shops, shop, shop, shop, nicolae_shop_behind_doors,
          nicolae_shop_waterfront, uniq_pikel
Temple:   cyrus_circular_temple
Lair:1:   beast_lair_carwin_large_1, infiniplex_staircase_pool_2

Skill      XL: |  1  2  3  4  5  6  7  8  9 10 |
---------------+-------------------------------+-----
Armour         | 1 2 3 4 5 6 7 8 |  8.5
Axes           | 5 6 7 8 10 12 13 14 | 14.3
Invocations    | 1 5 |  5.2
Evocations     | 3 4 |  4.4
Fighting       | |  2.4
Throwing       | |  1.7
Dodging        | |  2.4

Action                   |  1- 3 |  4- 6 |  7- 9 | 10-12 || total
-------------------------+-------+-------+-------+-------++-------
Melee: War axe           |    82 |   247 |   364 |   110 ||   803
       Unarmed           |       |       |       |    11 ||    11
Throw: Tomahawk          |       |       |     8 |     1 ||     9
Invok: Convert to Beogh  |       |     1 |       |       ||     1
       Smiting           |       |       |     3 |       ||     3
 Abil: Evoke Berserk Rag |       |       |     4 |       ||     4
Evoke: Wand              |       |       |     5 |       ||     5
  Use: Scroll            |     3 |     8 |     7 |     1 ||    19
       Potion            |       |     1 |     1 |       ||     2
 Stab: Sleeping          |     1 |       |       |       ||     1
  Eat: Chunk             |       |    10 |     9 |     1 ||    20
       Ration            |       |       |     3 |     1 ||     4
Armor: Ice dragon scales |    51 |   116 |    79 |       ||   246
       Chain mail        |       |       |   150 |    58 ||   208
       Skin              |       |       |       |     2 ||     2
Dodge: Dodged            |    35 |   122 |   167 |    36 ||   360

Table legend:
 A = Spawn XP
 B = Non-spawn XP
 C = Spawn XP percentage of total XP
 D = Spawn monster count
 E = Non-spawn monster count
 F = Spawn count percentage of total count
 G = Total turns spent on level
                    A         B        C        D         E        F      G
               +---------+---------+-------+---------+---------+-------+---------
         Total |       0 |    6625 |   0.0 |       0 |     170 |   0.0 |  9729
               +---------+---------+-------+---------+---------+-------+---------
           D:1 |       0 |      35 |   0.0 |       0 |      18 |   0.0 |   966
           D:2 |       0 |     176 |   0.0 |       0 |      27 |   0.0 |  1015
           D:3 |       0 |     175 |   0.0 |       0 |      25 |   0.0 |   908
           D:4 |       0 |     199 |   0.0 |       0 |      19 |   0.0 |  1010
           D:5 |       0 |     437 |   0.0 |       0 |      24 |   0.0 |  1589
           D:6 |       0 |     869 |   0.0 |       0 |      19 |   0.0 |  1261
           D:7 |       0 |     938 |   0.0 |       0 |       8 |   0.0 |   951
           D:8 |       0 |    1691 |   0.0 |       0 |      12 |   0.0 |  1173
           D:9 |       0 |    2105 |   0.0 |       0 |      18 |   0.0 |   783
               +---------+---------+-------+---------+---------+-------+---------

Table legend:
 A = Turns spent in this place as a percentage of turns spent in the entire game.
 B = Non-inter-level travel turns spent in this place as a percentage of non-inter-level travel turns spent in the entire game.
 C = Inter-level travel turns spent in this place as a percentage of turns spent in this place.
 D = Turns resting spent in this place as a percentage of non-inter-level travel turns spent in this place.
 E = Turns spent auto-exploring this place as a percentage of non-inter-level travel turns spent in this place.
 F = Non-inter-level travel turns spent in this place divided by the number of levels of this place that you've seen.
                   A       B       C       D       E      F
               +-------+-------+-------+-------+-------+----------------------
         Total | 100.0 | 100.0 |   5.8 |  21.8 |  51.9 | 832.9
       Dungeon |  99.2 |  99.3 |   5.8 |  22.0 |  51.7 | 1010.8
        Temple |   0.6 |   0.6 |  12.9 |   0.0 |  96.3 |  54.0
          Lair |   0.1 |   0.1 |   0.0 |   0.0 |   0.0 |  11.0
               +-------+-------+-------+-------+-------+----------------------

Vault maps used:
D:1:      elethiomel_arrival_maze
D:2:      minmay_misc_feat_four_crosses, grunt_ministairs_8
D:3:      minitemple, serial_corexii_hall, corexii_hall_statues_x,
          corexii_hall_statues_i, first_ration, grunt_ministairs_8,
          minivault_19, serial_park_tiny_2
D:4:      amethyst_overflow_temple_binary, serial_shops, shop,
          grunt_dithmenos_smoke
D:5:      minmay_temple_entry_statues_pillars, elyvilon_altar_3, uniq_ijyb
D:6:      cheibrodos_iron_armory, fiery_altar_vehumet, uniq_menkaure,
          uniq_duvessa, uniq_crazy_yiuf_cottage
D:7:      grunt_temple_overflow_cloverleaf, serial_shops, shop
D:8:      lair_entry_dummy
D:9:      serial_shops, shop, shop, shop, nicolae_shop_behind_doors,
          nicolae_shop_waterfront, uniq_pikel
Temple:   cyrus_circular_temple
Lair:1:   beast_lair_carwin_large_1, infiniplex_staircase_pool_2
